 Dungeon Crawl Stone Soup version 0.32-a0-953-g508020473e (webtiles) character file.

Game seed: 16919151204415066787

2 Dirtsage the Firebug (level 1, 0/13 HPs)
             Began as a Demonspawn Fire Elementalist on Apr 16, 2024.
             Slain by a quokka (2 damage)
             ... on level 1 of the Dungeon.
             The game lasted 00:00:39 (69 turns).

Dirtsage the Firebug (Demonspawn Fire Elementalist)   Turns: 69, Time: 00:00:40

Health: 0/13       AC:  2    Str:  8    XL:     1   Next: 25%
Magic:  0/3        EV: 11    Int: 15    God:
Gold:   0          SH:  0    Dex: 13    Spells: 3/4 levels left

rFire   . . .        (no weapon)
rCold   . . .        (no shield)
rNeg    . . .        a - +0 robe
rPois   .            (no helmet)
rElec   .            (no cloak)
rCorr   .            (no gloves)
SInv    .            (no boots)
Will    .....        (no amulet)
Stlth   ++           (no ring)
HPRegen 0.22/turn    (no ring)
MPRegen 0.08/turn

%: no passive effects
@: no status effects
A: no striking features
a: no special abilities


You were on level 1 of the Dungeon.
You visited 1 branch of the dungeon, and saw 1 of its levels.

Inventory:

Armour
 a - a +0 robe (worn)
Potions
 b - a potion of magic


   Skills:
 - Level 1.7 Dodging
 - Level 1.7 Stealth
 - Level 2.0 Spellcasting
 - Level 1.0 Conjurations
 + Level 2.8 Fire Magic


You had 3 spell levels left.
You knew the following spells:

 Your Spells              Type           Power      Damage    Failure   Level
a - Foxfire               Conj/Fire      28%        2x1d5     10%         1

Your spell library contained the following spells:

 Spells                   Type           Power      Damage    Failure   Level
 Scorch                   Fire           20%        2d5       11%         2
 Apportation              Tloc           2%         N/A       22%         1
 Jinxbite                 Hex            2%         N/A       32%         2
 Inner Flame              Hex/Fire       5%         N/A       36%         3
 Volatile Blastmotes      Fire/Tloc      10%        2d10      36%         3
 Flame Wave               Conj/Fire      7%         2d5       69%         4
 Alistair's Intoxication  Alch           0%         N/A       99%         5


Dungeon Overview and Level Annotations

Branches:
Dungeon (1/15)

Altars:

Shops:
D:1 [(


Message History

The giant cockroach is severely wounded.
The foxfire hits the giant cockroach.
You kill the giant cockroach!
You hit the quokka but do no damage.
The quokka bites you but does no damage.
You hit the quokka.
The quokka is lightly wounded.
The quokka bites you. The quokka barely misses you.
You take 1 damage, and have 8/13 hp.
You hit the quokka.
The quokka is lightly wounded.
The quokka bites you.
You take 1 damage, and have 7/13 hp.
You barely miss the quokka.
The quokka is lightly wounded.
The quokka bites you.
You take 1 damage, and have 6/13 hp.
Casting: Foxfire (safe; 10% risk of failure)
Confirm with . or Enter, or press ? or * to list all spells.
You conjure some foxfire!
The quokka bites you.
You take 1 damage, and have 5/13 hp.
You now have 0/3 mp.
You hit the quokka but do no damage.
The foxfire hits the quokka.
The quokka is moderately wounded.
The foxfire hits the quokka but does no damage.
The quokka is moderately wounded.
The quokka barely misses you. The quokka bites you.
* * * LOW HITPOINT WARNING * * *
You take 2 damage, and have 3/13 hp.
You barely miss the quokka.
The quokka is moderately wounded.
The quokka barely misses you.
You hit the quokka but do no damage.
The quokka is moderately wounded.
The quokka bites you.
* * * LOW HITPOINT WARNING * * *
You take 1 damage, and have 2/13 hp.
You closely miss the quokka.
The quokka is moderately wounded.
The quokka bites you.
You die...

............# ######
#.##.....# ....#
#####....#####.#
...###..............#
....#.........######
###..#.#..#.....#
#####...#...#.#.....#
...##.##.....##.r...#
..∩...#.#...#...@...#
.####.#..#.#..#.....#
.# #.>...#...#(....#
.# ##.########.....#
.# #.# ####### .# #.#
.# #.# .# .#


You could see a quokka.

Vanquished Creatures
  A giant cockroach (D:1)
  A bat (D:1)
2 creatures vanquished.

Vanquished Creatures (others)
  10 foxfires (D:1)
10 creatures vanquished.

Grand Total: 12 creatures vanquished

Notes
Turn   | Place    | Note
-------+----------+-------------------------------------------
     0 | D:1      | Dirtsage the Demonspawn Fire Elementalist began the quest
                  | for the Orb.
     0 | D:1      | Reached XP level 1. HP: 13/13 MP: 3/3
     4 | D:1      | Found Buuxteon's Antique Armour Boutique.
    16 | D:1      | Found Hydechiyna's Jewellery Shoppe.
    33 | D:1      | Found Ogrirphubb's Weapon Shoppe.
    69 | D:1      | Slain by a quokka

Illustrated notes

Levels and vault maps discovered:
D:1:      eino_arrival_water_cross, layout_basic, serial_shops, shop,
          shop_coins, nicolae_diamond_shop, nicolae_shop_advertising_works
          [nicolae_subvault_shop_adworks], amcnicky_mini_pool_small,
          grunt_decor_junction

Action                     || total
---------------------------++-------
  Melee: Unarmed           ||    15
   Cast: Foxfire           ||     5
 Armour: Robe              ||    16
  Dodge: Dodged            ||     9

Table legend: (Time is in decaauts)
 A = Elapsed time spent in this place.
 B = Non-inter-level travel time spent in this place.
 C = Inter-level travel time spent in this place.
 D = Time resting spent in this place.
 E = Time spent auto-exploring this place.
 F = Levels seen in this place.
 G = Mean time per level.
                   A        B        C        D        E       F      G
               +--------+--------+--------+--------+--------+-----+--------+
         Total |     69 |     69 |      0 |      0 |     31 |   1 |   69.0 |
       Dungeon |     69 |     69 |      0 |      0 |     31 |   1 |   69.0 |
               +--------+--------+--------+--------+--------+-----+--------+

Top non-repeatable levels by time:
     D:1: 69 daAuts
